 Dungeon Crawl Stone Soup version 0.30-a0-964-gd452b5e7fa (webtiles) character file.

Game seed: 3637041756289044508

14 kae the Insei (level 2, -2/21 HPs)
             Began as a Demonspawn Transmuter on Mar 30, 2023.
             Slain by a jackal (3 damage)
             ... on level 1 of the Dungeon.
             The game lasted 00:00:21 (265 turns).

kae the Insei (Demonspawn Transmuter)                Turns: 265, Time: 00:00:22

Health: -2/21      AC:  2    Str: 10    XL:     2   Next: 27%
Magic:  5/5        EV: 12    Int: 14    God:
Gold:   11         SH:  0    Dex: 13    Spells: 4/5 levels left

rFire   . . .      SeeInvis .      - Unarmed
rCold   . . .      Faith    .    (no shield)
rNeg    . . .      Spirit   .    a - +0 robe
rPois   .          Reflect  .    (no helmet)
rElec   .          Rampage  .    (no cloak)
rCorr   .                        (no gloves)
Will    .....                    (no boots)
Stlth   +                        (no amulet)
HPRegen 0.23/turn                (no ring)
MPRegen 0.09/turn                (no ring)

@: no status effects
A: ignite blood 1
a: no special abilities


You were on level 1 of the Dungeon.
You visited 1 branch of the dungeon, and saw 1 of its levels.

You collected 11 gold pieces.


Innate Abilities, Weirdness & Mutations

Your demonic aura sometimes causes spilled blood to erupt in flames.


   Skills:
 - Level 1.0 Fighting
 - Level 1.7 Dodging
 * Level 3.0 Unarmed Combat
 + Level 2.1 Spellcasting
 * Level 2.2 Transmutations


You had 4 spell levels left.
You knew the following spells:

 Your Spells              Type           Power      Damage    Failure   Level
a - Beastly Appendage     Tmut           14%        N/A       10%         1

Your spell library contained the following spells:

 Spells                   Type           Power      Damage    Failure   Level
 Wereblood                Tmut           7%         N/A       14%         2
 Cigotuvi's Dreadful Rot  Necr/Pois/Air  2%         N/A       34%         2
 Poisonous Vapours        Pois/Air       2%         N/A       34%         2
 Spider Form              Tmut/Pois      4%         N/A       41%         3
 Mephitic Cloud           Conj/Pois/Air  1%         N/A       56%         3
 Summon Guardian Golem    Hex/Summ       1%         N/A       56%         3
 Ice Form                 Ice/Tmut       4%         N/A       83%         4
 Orb of Destruction       Conj           0%         9d5       100%        7
 Spellforged Servitor     Conj/Summ      0%         N/A       100%        7

Inventory:

Missiles
 c - 6 poisoned darts
Armour
 a - a +0 robe (worn)
Potions
 b - a potion of lignification {!q}
 d - 2 potions of curing {unknown}

Dungeon Overview and Level Annotations

Branches:
Dungeon (1/15) Zot: 5736

Altars:

... .#+ $. ....
##.. ..#
##...#...#. .###
#.#..#..... ....
#........#+# ....
##...†#....$ ..#
+.#?@h...... #
##...##..#.. #
#....##..## .###
###.....#.# #
#.... ##....#.#.#
#..## ##.......+
#.... ##....##.#
#..##
#......#+#####..##
###...#...#.....#


You could see a jackal.


Message History

Unknown command.
You now have 11 gold pieces.
Things that are here:
a hobgoblin corpse; a jackal corpse 😮 HP[+1] Unknown command.
Your horns disappear.
Your talons disappear.
You pick up a book of Dangerous Friends and begin reading...
You add the spells Summon Guardian Golem, Orb of Destruction and Spellforged Servitor to your library. 😎 HP[+10] MP[+3]
Your hp is fully restored (21).
Your mp is fully restored (5).
Key pressed, stopping explore.
Unknown command.
You pick up a book of Vapours and begin reading...
You add the spells Poisonous Vapours, Cigotuvi's Dreadful Rot and Mephitic Cloud to your library.
There is an open door here.
A jackal comes into view.
A jackal is nearby!
Okay, then.
Casting: Beastly Appendage (safe; 10% risk of failure)
Confirm with . or Enter, or press ? or * to list all spells.
You grow a pair of large bovine horns.
Your feet morph into talons. 😎 MP[-1]
You lost 1 mp, and now have 4/5 mp.
A jackal comes into view.
Your transformation is almost over.
The jackal barks!
A jackal comes into view.
The jackal barks!
You barely miss the jackal. The jackal barely misses you.
You hit the jackal. The jackal bites you. 😕 HP[-1]
You take 1 damage, and now have 20/21 hp.
You hit the jackal but do no damage. The jackal bites you. x2
The jackal misses you. The jackal bites you.
You are too injured to fight recklessly! 😮 HP[-6]
You take 6 damage, and now have 14/21 hp.
MASSIVE DAMAGE!! (PAUSE)
You closely miss the jackal. You claw the jackal.
You kill the jackal!
The jackal bites you. x2
Your Unarmed Combat skill increases to level 3! 😮 HP[-1]
You take 1 damage, and now have 13/21 hp.
Unknown command.
You barely miss the jackal. You claw the jackal. The jackal barely misses you.
The jackal closely misses you.
You closely miss the jackal. Your kick misses the jackal.
The jackal bites you but does no damage.
The jackal bites you. x2
* * * LOW HITPOINT WARNING * * *
The jackal bites you.
* * * LOW HITPOINT WARNING * * *
😨 HP[-5]
You take 5 damage, and now have 8/21 hp.
MASSIVE DAMAGE!! (PAUSE)
You barely miss the jackal. You claw the jackal. The jackal bites you.
* * * LOW HITPOINT WARNING * * *
The jackal bites you.
* * * LOW HITPOINT WARNING * * *
😨 HP[-2]
You take 2 damage, and now have 6/21 hp.
Unknown command.
You miss the jackal. Your headbutt misses the jackal.
The jackal barely misses you.
The jackal bites you but does no damage. 😨 HP[+1] MP[+1]
Your mp is fully restored (5).
Unknown command.
You barely miss the jackal. You claw the jackal, but do no damage.
Your headbutt misses the jackal.
Your horns disappear.
Your talons disappear.
The jackal bites you but does no damage.
The jackal misses you. The jackal closely misses you. The jackal bites you.
* * * LOW HITPOINT WARNING * * *
😱 HP[-3]
You take 3 damage, and now have 4/21 hp.
Unknown command.
You hit the jackal.
You kill the jackal!
The jackal closely misses you.
Unknown command.
You closely miss the jackal.
The jackal bites you but does no damage.
You barely miss the jackal. The jackal bites you.
* * * LOW HITPOINT WARNING * * *
Unknown command. 😱 HP[-2]
You take 2 damage, and now have 2/21 hp.
You hit the jackal. The jackal misses you.
The jackal barely misses you. 😱 HP[+1]
You barely miss the jackal.
The jackal bites you but does no damage.
You closely miss the jackal. The jackal bites you.
* * * LOW HITPOINT WARNING * * *
😱 HP[-2]
You take 2 damage, and now have 1/21 hp.
You hit the jackal. The jackal bites you.
You die...

Skill      XL: |  1  2 |
---------------+-------+-----
Transmutations | 2 |  2.2
Unarmed Combat | 3 |  3.0
Fighting       | |  1.0
Dodging        | |  1.7
Spellcasting   | |  2.1

Action                     || total
---------------------------++-------
  Melee: Unarmed           ||    36
         Headbutt          ||     2
         Kick              ||     6
   Cast: Beastly Appendage ||     4
 Armour: Robe              ||    10
  Dodge: Dodged            ||    17

Levels and vault maps discovered:
D:1:      arrival_zaba_pyramid, layout_loops_ring

Notes
Turn   | Place    | Note
-------+----------+-------------------------------------------
     0 | D:1      | kae the Demonspawn Transmuter began the quest for the Orb.
     0 | D:1      | Reached XP level 1. HP: 15/15 MP: 3/3
     0 | D:1      | magus.rc [v1.11.3]
    92 | D:1      | Reached skill level 2 in Transmutations
   104 | D:1      | Gained mutation: Your demonic aura sometimes causes spilled
                  | blood to erupt in flames. [demonic ancestry]
   104 | D:1      | Reached XP level 2. HP: 10/21 MP: 1/5
   186 | D:1      | You pick up a book of Dangerous Friends and begin
                  | reading...
   186 | D:1      | You add the spells Summon Guardian Golem, Orb of
                  | Destruction and Spellforged Servitor to your library.
   190 | D:1      | You pick up a book of Vapours and begin reading...
   190 | D:1      | You add the spells Poisonous Vapours, Cigotuvi's Dreadful
                  | Rot and Mephitic Cloud to your library.
   254 | D:1      | Reached skill level 3 in Unarmed Combat
   258 | D:1      | HP: 4/21 [jackal (3)]
   264 | D:1      | HP: 1/21 [jackal (2)]
   265 | D:1      | Slain by a jackal

Vanquished Creatures
  A ball python (D:1)
  A giant cockroach (D:1)
  A goblin (D:1)
  A hobgoblin (D:1)
  6 jackals (D:1)
10 creatures vanquished.

Table legend:
 A = Non-vault XP
 B = Vault XP
 C = Vault XP percentage of total XP
 D = Non-vault monster count
 E = Vault monster count
 F = Vault count percentage of total count
                 A         B        C        D         E       F
            +---------+---------+-------+---------+---------+-------
      Total |      20 |       0 |   0.0 |      10 |       0 |   0.0
            +---------+---------+-------+---------+---------+-------
        D:1 |      20 |       0 |   0.0 |      10 |       0 |   0.0
            +---------+---------+-------+---------+---------+-------

Illustrated notes

Table legend:
 A = Kills in this place as a percentage of kills in the entire game.
 B = Kills by you in this place as a percentage of kills by you in the entire game.
 C = Kills by friends in this place as a percentage of kills by friends in the entire game.
 D = Other kills in this place as a percentage of other kills in the entire game.
 E = Experience gained in this place as a percentage of experience gained in the entire game.
 F = Experience gained in this place divided by the number of levels of this place that you have seen.
                   A       B       C       D       E      F
               +-------+-------+-------+-------+-------+----------------------
         Total | 100.0 | 100.0 |   N/A |   N/A | 100.0 |  20.0
       Dungeon | 100.0 | 100.0 |   N/A |   N/A | 100.0 |  20.0
               +-------+-------+-------+-------+-------+----------------------

Table legend: (Time is in decaauts)
 A = Elapsed time spent in this place.
 B = Non-inter-level travel time spent in this place.
 C = Inter-level travel time spent in this place.
 D = Time resting spent in this place.
 E = Time spent auto-exploring this place.
 F = Levels seen in this place.
 G = Mean time per level.
                   A        B        C        D        E       F      G
               +--------+--------+--------+--------+--------+-----+--------+
         Total |    263 |    263 |      0 |      0 |    201 |   1 |  263.0 |
       Dungeon |    263 |    263 |      0 |      0 |    201 |   1 |  263.0 |
               +--------+--------+--------+--------+--------+-----+--------+

Top non-repeatable levels by time:
     D:1: 263 daAuts
